Workbook

Sheet 法適用_病院事業
B2: 経営比較分析表（平成28年度決算）
B6: =データ!H6 -> 広島県神石高原町 神石高原町立病院
B7: 法適用区分 | AU7: 業種名・事業名 | CN7: 病院区分 | EG7: 類似区分 | FZ7: 管理者の情報 | ID7: 許可病床（一般） | JW7: 許可病床（療養） | LP7: 許可病床（結核） | NJ7: グラフ凡例
B8: =データ!K6 -> 当然財務 | AU8: =データ!L6 -> 病院事業 | CN8: =データ!M6 -> 一般病院 | EG8: =データ!N6 -> 50床以上～100床未満 | FZ8: 非設置 | ID8: =データ!Y6 -> 47 | JW8: =データ!Z6 -> 48 | LP8: =データ!AA6 -> - | NJ8: ■ | NL8: 当該病院値（当該値）
B9: 経営形態 | AU9: 診療科数 | CN9: DPC対象病院 | EG9: 特殊診療機能 ※１ | FZ9: 指定病院の状況 ※２ | ID9: 許可病床（精神） | JW9: 許可病床（感染症） | LP9: 許可病床（合計） | NJ9: － | NL9: 類似病院平均値（平均値）
B10: =データ!P6 -> 指定管理者(利用料金制) | AU10: =データ!Q6 -> 7 | CN10: =データ!R6 -> - | EG10: =データ!S6 -> 透 訓 | FZ10: =データ!T6 -> 救 へ | ID10: =データ!AB6 -> - | JW10: =データ!AC6 -> - | LP10: =データ!AD6 -> 95 | NJ10: 【】 | NL10: 平成28年度全国平均
B11: 人口（人） | AU11: 建物面積（㎡） | CN11: 不採算地区病院 | EG11: 看護配置 | ID11: 稼働病床（一般） | JW11: 稼働病床（療養） | LP11: 稼働病床（一般＋療養）
B12: =データ!U6 -> 9534 | AU12: =データ!V6 -> 6406 | CN12: =データ!W6 -> 第１種該当 | EG12: =データ!X6 -> １５：１ | ID12: =データ!AE6 -> 44 | JW12: =データ!AF6 -> 42 | LP12: =データ!AG6 -> 86
B13: ※１ ド…人間ドック 透…人工透析 Ｉ…ＩＣＵ・ＣＣＵ 未…ＮＩＣＵ・未熟児室 訓…運動機能訓練室 ガ…ガン（放射線）診療
B14: ※２ 救…救急告示病院 臨…臨床研修病院 が…がん診療連携拠点病院 感…感染症指定医療機関 ヘ…へき地医療拠点病院 災…災害拠点病院 地…地域医療支援病院 特…特定機能病院 輪…病院群輪番制病院 | NJ14: Ⅰ 地域において担っている役割
F16: 1. 経営の健全性・効率性 | NJ16: 当病院は，中山間へき地である本町における入院を担う唯一のへき地病院であり，外来7診療科，入院2病棟をベースに，救急医療，訪問診療，訪問看護，人工透析等の所謂不採算医療も地域医療確保の観点から実施している。また，無医地区対策として巡回診療も行っている。 更には，医学部の学生の臨床実習・初期研修医の研修の場を提供し地域医療教育も行っている。
NJ26: Ⅱ 分析欄
NJ28: 1. 経営の健全性・効率性について
NJ30: ①町一般会計の繰入等により，毎年100％を上回っている。 ②人口減少等に伴って入院患者数が減少している中，人件費が職員の高齢化等により増加しているため，相対的に収支比率が下がる傾向にある。 ③①により発生していない。 ④急速に進む人口減少や介護施設への入所等に伴い，減少傾向にある。 ⑤本病院では手術を行っておらず，慢性期の入院患者が多く，平均単価も上昇しない傾向にある。 ⑥平成26年度にほぼ全件を院外処方としたため，平均単価が大きく減少した。 ⑦②の理由により，近年増加傾向にある。 ⑧入院患者の減少や慢性患者が多く医薬品の減少による。⑥の理由で平成26年度から材料費が減少したこと等により，比率が減少した。
P32: =データ!$B$11 -> 40909 | AE32: =データ!$C$11 -> 41275 | AT32: =データ!$D$11 -> 41640 | BI32: =データ!$E$11 -> 42005 | BX32: =データ!$F$11 -> 42370 | DD32: =データ!$B$11 -> 40909 | DS32: =データ!$C$11 -> 41275 | EH32: =データ!$D$11 -> 41640 | EW32: =データ!$E$11 -> 42005 | FL32: =データ!$F$11 -> 42370 | GR32: =データ!$B$11 -> 40909 | HG32: =データ!$C$11 -> 41275 | HV32: =データ!$D$11 -> 41640 | IK32: =データ!$E$11 -> 42005 | IZ32: =データ!$F$11 -> 42370 | KF32: =データ!$B$11 -> 40909 | KU32: =データ!$C$11 -> 41275 | LJ32: =データ!$D$11 -> 41640 | LY32: =データ!$E$11 -> 42005 | MN32: =データ!$F$11 -> 42370
G33: 当該値 | P33: =データ!AH7 -> 101.7 | AE33: =データ!AI7 -> 101.1 | AT33: =データ!AJ7 -> 104.5 | BI33: =データ!AK7 -> 100.5 | BX33: =データ!AL7 -> 100.3 | CU33: 当該値 | DD33: =データ!AS7 -> 85.8 | DS33: =データ!AT7 -> 84.6 | EH33: =データ!AU7 -> 81.7 | EW33: =データ!AV7 -> 73.5 | FL33: =データ!AW7 -> 70.3 | GI33: 当該値 | GR33: =データ!BD7 -> 該当数値なし | HG33: =データ!BE7 -> 該当数値なし | HV33: =データ!BF7 -> 該当数値なし | IK33: =データ!BG7 -> 該当数値なし | IZ33: =データ!BH7 -> 該当数値なし | JW33: 当該値 | KF33: =データ!BO7 -> 77 | KU33: =データ!BP7 -> 79.2 | LJ33: =データ!BQ7 -> 82.2 | LY33: =データ!BR7 -> 68.5 | MN33: =データ!BS7 -> 70.9
G34: 平均値 | P34: =データ!AM7 -> 98.1 | AE34: =データ!AN7 -> 97.7 | AT34: =データ!AO7 -> 98.5 | BI34: =データ!AP7 -> 98 | BX34: =データ!AQ7 -> 98.4 | CU34: 平均値 | DD34: =データ!AX7 -> 83.2 | DS34: =データ!AY7 -> 82.5 | EH34: =データ!AZ7 -> 79.7 | EW34: =データ!BA7 -> 79.6 | FL34: =データ!BB7 -> 77.9 | GI34: 平均値 | GR34: =データ!BI7 -> 99.5 | HG34: =データ!BJ7 -> 91.2 | HV34: =データ!BK7 -> 94.9 | IK34: =データ!BL7 -> 101.2 | IZ34: =データ!BM7 -> 107.2 | JW34: 平均値 | KF34: =データ!BT7 -> 69.2 | KU34: =データ!BU7 -> 68.6 | LJ34: =データ!BV7 -> 67.4 | LY34: =データ!BW7 -> 66.6 | MN34: =データ!BX7 -> 66.8
E36: 「経常損益」 | CS36: 「医業損益」 | GG36: 「累積欠損」 | JU36: 「施設の効率性」
NJ47: 2. 老朽化の状況について
NJ49: ①公営企業法の改正により，平成26年度から県移譲財産についても減価償却を行うこととなったため，率が急上昇した。率は全国平均を下回っているが，これは上記の理由によるもので，建物・備品の老朽化は進んでいる。 ②①の理由により平成26年度から率が急上昇したが，平成27年度に電子カルテ等の高額備品を購入したため，率が減少した。 ③建物・備品の大半が経年後に県から移譲された財産であり，受贈価格が低くなったため，全国平均を大きく下回っている。
P54: =データ!$B$11 -> 40909 | AE54: =データ!$C$11 -> 41275 | AT54: =データ!$D$11 -> 41640 | BI54: =データ!$E$11 -> 42005 | BX54: =データ!$F$11 -> 42370 | DD54: =データ!$B$11 -> 40909 | DS54: =データ!$C$11 -> 41275 | EH54: =データ!$D$11 -> 41640 | EW54: =データ!$E$11 -> 42005 | FL54: =データ!$F$11 -> 42370 | GR54: =データ!$B$11 -> 40909 | HG54: =データ!$C$11 -> 41275 | HV54: =データ!$D$11 -> 41640 | IK54: =データ!$E$11 -> 42005 | IZ54: =データ!$F$11 -> 42370 | KF54: =データ!$B$11 -> 40909 | KU54: =データ!$C$11 -> 41275 | LJ54: =データ!$D$11 -> 41640 | LY54: =データ!$E$11 -> 42005 | MN54: =データ!$F$11 -> 42370
G55: 当該値 | P55: =データ!BZ7 -> 16523 | AE55: =データ!CA7 -> 16424 | AT55: =データ!CB7 -> 16777 | BI55: =データ!CC7 -> 17053 | BX55: =データ!CD7 -> 16681 | CU55: 当該値 | DD55: =データ!CK7 -> 10298 | DS55: =データ!CL7 -> 10337 | EH55: =データ!CM7 -> 8047 | EW55: =データ!CN7 -> 7984 | FL55: =データ!CO7 -> 8083 | GI55: 当該値 | GR55: =データ!CV7 -> 68.3 | HG55: =データ!CW7 -> 70.3 | HV55: =データ!CX7 -> 71.4 | IK55: =データ!CY7 -> 83.9 | IZ55: =データ!CZ7 -> 86.9 | JW55: 当該値 | KF55: =データ!DG7 -> 20.1 | KU55: =データ!DH7 -> 19.2 | LJ55: =データ!DI7 -> 14.4 | LY55: =データ!DJ7 -> 14.6 | MN55: =データ!DK7 -> 14.2
G56: 平均値 | P56: =データ!CE7 -> 23061 | AE56: =データ!CF7 -> 23475 | AT56: =データ!CG7 -> 23857 | BI56: =データ!CH7 -> 24371 | BX56: =データ!CI7 -> 24882 | CU56: 平均値 | DD56: =データ!CP7 -> 8338 | DS56: =データ!CQ7 -> 8603 | EH56: =データ!CR7 -> 8471 | EW56: =データ!CS7 -> 8736 | FL56: =データ!CT7 -> 8797 | GI56: 平均値 | GR56: =データ!DA7 -> 64.7 | HG56: =データ!DB7 -> 65 | HV56: =データ!DC7 -> 67.5 | IK56: =データ!DD7 -> 67.5 | IZ56: =データ!DE7 -> 69.5 | JW56: 平均値 | KF56: =データ!DL7 -> 19.6 | KU56: =データ!DM7 -> 19 | LJ56: =データ!DN7 -> 17.9 | LY56: =データ!DO7 -> 17.9 | MN56: =データ!DP7 -> 17.4
E58: 「収益の効率性①」 | CS58: 「収益の効率性②」 | GG58: 「費用の効率性①」 | JU58: 「費用の効率性②」
F62: 2. 老朽化の状況
NJ66: 全体総括
NJ68: 本町では現在急速に人口減少が進んでおり，これに伴い入院患者数等も減少傾向にある。 このため，医業収益は減少しているが，医業支出は人件費等の固定費が大きな割合を占めているため，相対的に経営が悪化している。 また，病院建物についても旧棟は築48年を迎え老朽化が進み，耐震性にも問題が生じている。 こうした諸問題に対応するため，平成34年度に町立病院の移転新築を行う予定である。その際，病棟は60床１病棟にし，地域包括ケア病床の増床等により入院単価を上昇させる一方，看護師等の人員を削減して人件費の抑制を図り，経営の改善を目指す。 一方で，建物の新築等により，毎年の減価償却費及び起債の償還額等が大幅に増加するため，引き続き収支バランスの適正化に努める必要がある。
U78: =データ!$B$11 -> 40909 | AN78: =データ!$C$11 -> 41275 | BG78: =データ!$D$11 -> 41640 | BZ78: =データ!$E$11 -> 42005 | CS78: =データ!$F$11 -> 42370 | EO78: =データ!$B$11 -> 40909 | FH78: =データ!$C$11 -> 41275 | GA78: =データ!$D$11 -> 41640 | GT78: =データ!$E$11 -> 42005 | HM78: =データ!$F$11 -> 42370 | JJ78: =データ!$B$11 -> 40909 | KC78: =データ!$C$11 -> 41275 | KV78: =データ!$D$11 -> 41640 | LO78: =データ!$E$11 -> 42005 | MH78: =データ!$F$11 -> 42370
J79: 当該値 | U79: =データ!DR7 -> 0.6 | AN79: =データ!DS7 -> 1.2 | BG79: =データ!DT7 -> 43.4 | BZ79: =データ!DU7 -> 39.4 | CS79: =データ!DV7 -> 44.4 | ED79: 当該値 | EO79: =データ!EC7 -> 2.4 | FH79: =データ!ED7 -> 4.4 | GA79: =データ!EE7 -> 68.3 | GT79: =データ!EF7 -> 47.1 | HM79: =データ!EG7 -> 54 | IY79: 当該値 | JJ79: =データ!EN7 -> 10481305 | KC79: =データ!EO7 -> 10396042 | KV79: =データ!EP7 -> 10704179 | LO79: =データ!EQ7 -> 12869432 | MH79: =データ!ER7 -> 12951358
J80: 平均値 | U80: =データ!DW7 -> 43 | AN80: =データ!DX7 -> 43.9 | BG80: =データ!DY7 -> 52.4 | BZ80: =データ!DZ7 -> 52.6 | CS80: =データ!EA7 -> 54.2 | ED80: 平均値 | EO80: =データ!EH7 -> 60.6 | FH80: =データ!EI7 -> 59.1 | GA80: =データ!EJ7 -> 68.9 | GT80: =データ!EK7 -> 68 | HM80: =データ!EL7 -> 70 | IY80: 平均値 | JJ80: =データ!ES7 -> 33688486 | KC80: =データ!ET7 -> 34462126 | KV80: =データ!EU7 -> 34878088 | LO80: =データ!EV7 -> 36094355 | MH80: =データ!EW7 -> 36941419
F82: 「施設全体の減価償却の状況」 | DZ82: 「機械備品の減価償却の状況」 | IU82: 「建設投資の状況」
B85: ※ 「類似病院平均値（平均値）」については、病院区分及び類似区分に基づき算出している。
B89: ① | C89: ② | D89: ③ | E89: ④ | F89: ⑤ | G89: ⑥ | H89: ⑦ | I89: ⑧ | J89: ① | K89: ② | L89: ③
B90: =データ!AR6 -> 【98.4】 | C90: =データ!BC6 -> 【89.5】 | D90: =データ!BN6 -> 【63.6】 | E90: =データ!BY6 -> 【74.2】 | F90: =データ!CJ6 -> 【49,667】 | G90: =データ!CU6 -> 【13,758】 | H90: =データ!DF6 -> 【55.2】 | I90: =データ!DQ6 -> 【24.1】 | J90: =データ!EB6 -> 【50.7】 | K90: =データ!EM6 -> 【65.7】 | L90: =データ!EX6 -> 【44,050,160】

Sheet データ
A1: 病院事業(法適) | AH1: 1 | AI1: 1 | AJ1: 1 | AK1: 1 | AL1: 1 | AM1: 1 | AN1: 1 | AO1: 1 | AP1: 1 | AQ1: 1 | AS1: 1 | AT1: 1 | AU1: 1 | AV1: 1 | AW1: 1 | AX1: 1 | AY1: 1 | AZ1: 1 | BA1: 1 | BB1: 1 | BD1: 1 | BE1: 1 | BF1: 1 | BG1: 1 | BH1: 1 | BI1: 1 | BJ1: 1 | BK1: 1 | BL1: 1 | BM1: 1 | BO1: 1 | BP1: 1 | BQ1: 1 | BR1: 1 | BS1: 1 | BT1: 1 | BU1: 1 | BV1: 1 | BW1: 1 | BX1: 1 | BZ1: 1 | CA1: 1 | CB1: 1 | CC1: 1 | CD1: 1 | CE1: 1 | CF1: 1 | CG1: 1 | CH1: 1 | CI1: 1 | CK1: 1 | CL1: 1 | CM1: 1 | CN1: 1 | CO1: 1 | CP1: 1 | CQ1: 1 | CR1: 1 | CS1: 1 | CT1: 1 | CV1: 1 | CW1: 1 | CX1: 1 | CY1: 1 | CZ1: 1 | DA1: 1 | DB1: 1 | DC1: 1 | DD1: 1 | DE1: 1 | DG1: 1 | DH1: 1 | DI1: 1 | DJ1: 1 | DK1: 1 | DL1: 1 | DM1: 1 | DN1: 1 | DO1: 1 | DP1: 1 | DR1: 1 | DS1: 1 | DT1: 1 | DU1: 1 | DV1: 1 | DW1: 1 | DX1: 1 | DY1: 1 | DZ1: 1 | EA1: 1 | EC1: 1 | ED1: 1 | EE1: 1 | EF1: 1 | EG1: 1 | EH1: 1 | EI1: 1 | EJ1: 1 | EK1: 1 | EL1: 1 | EN1: 1 | EO1: 1 | EP1: 1 | EQ1: 1 | ER1: 1 | ES1: 1 | ET1: 1 | EU1: 1 | EV1: 1 | EW1: 1
A2: 項番 | B2: =COLUMN()-1 -> 1 | C2: =COLUMN()-1 -> 2 | D2: =COLUMN()-1 -> 3 | E2: =COLUMN()-1 -> 4 | F2: =COLUMN()-1 -> 5 | G2: =COLUMN()-1 -> 6 | H2: =COLUMN()-1 -> 7 | I2: =COLUMN()-1 -> 8 | ... EX2: =COLUMN()-1 -> 153
A3: 大項目 | B3: 年度 | C3: 団体コード | D3: 業務コード | E3: 業種コード | F3: 事業コード | G3: 施設コード | H3: 基本情報 | AH3: 1. 経営の健全性・効率性 | DR3: 2. 老朽化の状況
A4: 中項目 | AH4: ①経常収支比率(％) | AS4: ②医業収支比率(％) | BD4: ③累積欠損金比率(％) | BO4: ④病床利用率(％) | BZ4: ⑤入院患者１人１日当たり収益(円) | CK4: ⑥外来患者１人１日当たり収益(円) | CV4: ⑦職員給与費対医業収益比率(％) | DG4: ⑧材料費対医業収益比率(％) | DR4: ①有形固定資産減価償却率(％) | EC4: ②機械備品減価償却率(％) | EN4: ③１床当たり有形固定資産(円)
A5: 小項目 | H5: 都道府県名称 | I5: 団体名称 | J5: 施設名称 | K5: 法適用区分 | L5: 業種名・事業名 | M5: 病院区分 | N5: 類似区分 | O5: 管理者の情報 | P5: 経営形態 | Q5: 診療科数 | R5: DPC対象病院 | S5: 特殊診療機能 | T5: 指定病院の状況 | U5: 人口（人） | V5: 建物面積（㎡） | W5: 不採算地区病院 | X5: 看護配置 | Y5: 許可病床（一般） | Z5: 許可病床（療養） | AA5: 許可病床（結核） | AB5: 許可病床（精神） | AC5: 許可病床（感染症） | AD5: 許可病床（合計） | AE5: 稼働病床（一般） | AF5: 稼働病床（療養） | AG5: 稼働病床（一般＋療養） | AH5: 当該値(N-4) | AI5: 当該値(N-3) | AJ5: 当該値(N-2) | AK5: 当該値(N-1) | AL5: 当該値(N) | AM5: 平均値(N-4) | AN5: 平均値(N-3) | AO5: 平均値(N-2) | AP5: 平均値(N-1) | AQ5: 平均値(N) | AR5: 全国平均 | AS5: 当該値(N-4) | AT5: 当該値(N-3) | AU5: 当該値(N-2) | AV5: 当該値(N-1) | AW5: 当該値(N) | AX5: 平均値(N-4) | AY5: 平均値(N-3) | AZ5: 平均値(N-2) | BA5: 平均値(N-1) | BB5: 平均値(N) | BC5: 全国平均 | BD5: 当該値(N-4) | BE5: 当該値(N-3) | BF5: 当該値(N-2) | BG5: 当該値(N-1) | BH5: 当該値(N) | BI5: 平均値(N-4) | BJ5: 平均値(N-3) | BK5: 平均値(N-2) | BL5: 平均値(N-1) | BM5: 平均値(N) | BN5: 全国平均 | BO5: 当該値(N-4) | BP5: 当該値(N-3) | BQ5: 当該値(N-2) | BR5: 当該値(N-1) | BS5: 当該値(N) | BT5: 平均値(N-4) | BU5: 平均値(N-3) | BV5: 平均値(N-2) | BW5: 平均値(N-1) | BX5: 平均値(N) | BY5: 全国平均 | BZ5: 当該値(N-4) | CA5: 当該値(N-3) | CB5: 当該値(N-2) | CC5: 当該値(N-1) | CD5: 当該値(N) | CE5: 平均値(N-4) | CF5: 平均値(N-3) | CG5: 平均値(N-2) | CH5: 平均値(N-1) | CI5: 平均値(N) | CJ5: 全国平均 | CK5: 当該値(N-4) | CL5: 当該値(N-3) | CM5: 当該値(N-2) | CN5: 当該値(N-1) | CO5: 当該値(N) | CP5: 平均値(N-4) | CQ5: 平均値(N-3) | CR5: 平均値(N-2) | CS5: 平均値(N-1) | CT5: 平均値(N) | CU5: 全国平均 | CV5: 当該値(N-4) | CW5: 当該値(N-3) | CX5: 当該値(N-2) | CY5: 当該値(N-1) | CZ5: 当該値(N) | DA5: 平均値(N-4) | DB5: 平均値(N-3) | DC5: 平均値(N-2) | DD5: 平均値(N-1) | DE5: 平均値(N) | DF5: 全国平均 | DG5: 当該値(N-4) | DH5: 当該値(N-3) | DI5: 当該値(N-2) | DJ5: 当該値(N-1) | DK5: 当該値(N) | DL5: 平均値(N-4) | DM5: 平均値(N-3) | DN5: 平均値(N-2) | DO5: 平均値(N-1) | DP5: 平均値(N) | DQ5: 全国平均 | DR5: 当該値(N-4) | DS5: 当該値(N-3) | DT5: 当該値(N-2) | DU5: 当該値(N-1) | DV5: 当該値(N) | DW5: 平均値(N-4) | DX5: 平均値(N-3) | DY5: 平均値(N-2) | DZ5: 平均値(N-1) | EA5: 平均値(N) | EB5: 全国平均 | EC5: 当該値(N-4) | ED5: 当該値(N-3) | EE5: 当該値(N-2) | EF5: 当該値(N-1) | EG5: 当該値(N) | EH5: 平均値(N-4) | EI5: 平均値(N-3) | EJ5: 平均値(N-2) | EK5: 平均値(N-1) | EL5: 平均値(N) | EM5: 全国平均 | EN5: 当該値(N-4) | EO5: 当該値(N-3) | EP5: 当該値(N-2) | EQ5: 当該値(N-1) | ER5: 当該値(N) | ES5: 平均値(N-4) | ET5: 平均値(N-3) | EU5: 平均値(N-2) | EV5: 平均値(N-1) | EW5: 平均値(N) | EX5: 全国平均
A6: グラフ参照用 | B6: =B8 -> 2016 | C6: =C8 -> 345458 | D6: =D8 -> 46 | E6: =E8 -> 6 | F6: =F8 -> 0 | G6: =G8 -> 1 | H6: =IF(H8<>I8,H8,"")&IF(I8<>J8,I8,"")&" "&J8 -> 広島県神石高原町 神石高原町立病院 | K6: =K8 -> 当然財務 | L6: =L8 -> 病院事業 | M6: =M8 -> 一般病院 | N6: =N8 -> 50床以上～100床未満 | P6: =P8 -> 指定管理者(利用料金制) | Q6: =Q8 -> 7 | R6: =R8 -> - | S6: =S8 -> 透 訓 | T6: =T8 -> 救 へ | U6: =U8 -> 9534 | V6: =V8 -> 6406 | W6: =W8 -> 第１種該当 | ... AG6: =AG8 -> 86 | AH6: =IF(AH8="-",NA(),AH8) -> 101.7 | AI6: =IF(AI8="-",NA(),AI8) -> 101.1 | AJ6: =IF(AJ8="-",NA(),AJ8) -> 104.5 | AK6: =IF(AK8="-",NA(),AK8) -> 100.5 | AL6: =IF(AL8="-",NA(),AL8) -> 100.3 | AM6: =IF(AM8="-",NA(),AM8) -> 98.1 | AN6: =IF(AN8="-",NA(),AN8) -> 97.7 | AO6: =IF(AO8="-",NA(),AO8) -> 98.5 | ... AQ6: =IF(AQ8="-",NA(),AQ8) -> 98.4 | AR6: =IF(AR8="-","【-】","【"&SUBSTITUTE(TEXT(AR8,"#,##0.0"),"-","△")&"】") -> 【98.4】 | AS6: =IF(AS8="-",NA(),AS8) -> 85.8 | AT6: =IF(AT8="-",NA(),AT8) -> 84.6 | AU6: =IF(AU8="-",NA(),AU8) -> 81.7 | AV6: =IF(AV8="-",NA(),AV8) -> 73.5 | AW6: =IF(AW8="-",NA(),AW8) -> 70.3 | AX6: =IF(AX8="-",NA(),AX8) -> 83.2 | AY6: =IF(AY8="-",NA(),AY8) -> 82.5 | AZ6: =IF(AZ8="-",NA(),AZ8) -> 79.7 | ... BB6: =IF(BB8="-",NA(),BB8) -> 77.9 | BC6: =IF(BC8="-","【-】","【"&SUBSTITUTE(TEXT(BC8,"#,##0.0"),"-","△")&"】") -> 【89.5】 | BD6: =IF(BD8="-",NA(),BD8) -> 該当数値なし | BE6: =IF(BE8="-",NA(),BE8) -> 該当数値なし | BF6: =IF(BF8="-",NA(),BF8) -> 該当数値なし | BG6: =IF(BG8="-",NA(),BG8) -> 該当数値なし | BH6: =IF(BH8="-",NA(),BH8) -> 該当数値なし | BI6: =IF(BI8="-",NA(),BI8) -> 99.5 | BJ6: =IF(BJ8="-",NA(),BJ8) -> 91.2 | BK6: =IF(BK8="-",NA(),BK8) -> 94.9 | ... BM6: =IF(BM8="-",NA(),BM8) -> 107.2 | BN6: =IF(BN8="-","【-】","【"&SUBSTITUTE(TEXT(BN8,"#,##0.0"),"-","△")&"】") -> 【63.6】 | BO6: =IF(BO8="-",NA(),BO8) -> 77 | BP6: =IF(BP8="-",NA(),BP8) -> 79.2 | BQ6: =IF(BQ8="-",NA(),BQ8) -> 82.2 | BR6: =IF(BR8="-",NA(),BR8) -> 68.5 | BS6: =IF(BS8="-",NA(),BS8) -> 70.9 | BT6: =IF(BT8="-",NA(),BT8) -> 69.2 | BU6: =IF(BU8="-",NA(),BU8) -> 68.6 | BV6: =IF(BV8="-",NA(),BV8) -> 67.4 | ... BX6: =IF(BX8="-",NA(),BX8) -> 66.8 | BY6: =IF(BY8="-","【-】","【"&SUBSTITUTE(TEXT(BY8,"#,##0.0"),"-","△")&"】") -> 【74.2】 | BZ6: =IF(BZ8="-",NA(),BZ8) -> 16523 | CA6: =IF(CA8="-",NA(),CA8) -> 16424 | CB6: =IF(CB8="-",NA(),CB8) -> 16777 | CC6: =IF(CC8="-",NA(),CC8) -> 17053 | CD6: =IF(CD8="-",NA(),CD8) -> 16681 | CE6: =IF(CE8="-",NA(),CE8) -> 23061 | CF6: =IF(CF8="-",NA(),CF8) -> 23475 | CG6: =IF(CG8="-",NA(),CG8) -> 23857 | ... CI6: =IF(CI8="-",NA(),CI8) -> 24882 | CJ6: =IF(CJ8="-","【-】","【"&SUBSTITUTE(TEXT(CJ8,"#,##0"),"-","△")&"】") -> 【49,667】 | CK6: =IF(CK8="-",NA(),CK8) -> 10298 | CL6: =IF(CL8="-",NA(),CL8) -> 10337 | CM6: =IF(CM8="-",NA(),CM8) -> 8047 | CN6: =IF(CN8="-",NA(),CN8) -> 7984 | CO6: =IF(CO8="-",NA(),CO8) -> 8083 | CP6: =IF(CP8="-",NA(),CP8) -> 8338 | CQ6: =IF(CQ8="-",NA(),CQ8) -> 8603 | CR6: =IF(CR8="-",NA(),CR8) -> 8471 | ... CT6: =IF(CT8="-",NA(),CT8) -> 8797 | CU6: =IF(CU8="-","【-】","【"&SUBSTITUTE(TEXT(CU8,"#,##0"),"-","△")&"】") -> 【13,758】 | CV6: =IF(CV8="-",NA(),CV8) -> 68.3 | CW6: =IF(CW8="-",NA(),CW8) -> 70.3 | CX6: =IF(CX8="-",NA(),CX8) -> 71.4 | CY6: =IF(CY8="-",NA(),CY8) -> 83.9 | CZ6: =IF(CZ8="-",NA(),CZ8) -> 86.9 | DA6: =IF(DA8="-",NA(),DA8) -> 64.7 | DB6: =IF(DB8="-",NA(),DB8) -> 65 | DC6: =IF(DC8="-",NA(),DC8) -> 67.5 | ... DE6: =IF(DE8="-",NA(),DE8) -> 69.5 | DF6: =IF(DF8="-","【-】","【"&SUBSTITUTE(TEXT(DF8,"#,##0.0"),"-","△")&"】") -> 【55.2】 | DG6: =IF(DG8="-",NA(),DG8) -> 20.1 | DH6: =IF(DH8="-",NA(),DH8) -> 19.2 | DI6: =IF(DI8="-",NA(),DI8) -> 14.4 | DJ6: =IF(DJ8="-",NA(),DJ8) -> 14.6 | DK6: =IF(DK8="-",NA(),DK8) -> 14.2 | DL6: =IF(DL8="-",NA(),DL8) -> 19.6 | DM6: =IF(DM8="-",NA(),DM8) -> 19 | DN6: =IF(DN8="-",NA(),DN8) -> 17.9 | ... DP6: =IF(DP8="-",NA(),DP8) -> 17.4 | DQ6: =IF(DQ8="-","【-】","【"&SUBSTITUTE(TEXT(DQ8,"#,##0.0"),"-","△")&"】") -> 【24.1】 | DR6: =IF(DR8="-",NA(),DR8) -> 0.6 | DS6: =IF(DS8="-",NA(),DS8) -> 1.2 | DT6: =IF(DT8="-",NA(),DT8) -> 43.4 | DU6: =IF(DU8="-",NA(),DU8) -> 39.4 | DV6: =IF(DV8="-",NA(),DV8) -> 44.4 | DW6: =IF(DW8="-",NA(),DW8) -> 43 | DX6: =IF(DX8="-",NA(),DX8) -> 43.9 | DY6: =IF(DY8="-",NA(),DY8) -> 52.4 | ... EA6: =IF(EA8="-",NA(),EA8) -> 54.2 | EB6: =IF(EB8="-","【-】","【"&SUBSTITUTE(TEXT(EB8,"#,##0.0"),"-","△")&"】") -> 【50.7】 | EC6: =IF(EC8="-",NA(),EC8) -> 2.4 | ED6: =IF(ED8="-",NA(),ED8) -> 4.4 | EE6: =IF(EE8="-",NA(),EE8) -> 68.3 | EF6: =IF(EF8="-",NA(),EF8) -> 47.1 | EG6: =IF(EG8="-",NA(),EG8) -> 54 | EH6: =IF(EH8="-",NA(),EH8) -> 60.6 | EI6: =IF(EI8="-",NA(),EI8) -> 59.1 | EJ6: =IF(EJ8="-",NA(),EJ8) -> 68.9 | ... EL6: =IF(EL8="-",NA(),EL8) -> 70 | EM6: =IF(EM8="-","【-】","【"&SUBSTITUTE(TEXT(EM8,"#,##0.0"),"-","△")&"】") -> 【65.7】 | EN6: =IF(EN8="-",NA(),EN8) -> 10481305 | EO6: =IF(EO8="-",NA(),EO8) -> 10396042 | EP6: =IF(EP8="-",NA(),EP8) -> 10704179 | EQ6: =IF(EQ8="-",NA(),EQ8) -> 12869432 | ER6: =IF(ER8="-",NA(),ER8) -> 12951358 | ES6: =IF(ES8="-",NA(),ES8) -> 33688486 | ET6: =IF(ET8="-",NA(),ET8) -> 34462126 | EU6: =IF(EU8="-",NA(),EU8) -> 34878088 | ... EW6: =IF(EW8="-",NA(),EW8) -> 36941419 | EX6: =IF(EX8="-","【-】","【"&SUBSTITUTE(TEXT(EX8,"#,##0"),"-","△")&"】") -> 【44,050,160】
A7: 表参照用 | B7: =B8 -> 2016 | C7: =C8 -> 345458 | D7: =D8 -> 46 | E7: =E8 -> 6 | F7: =F8 -> 0 | G7: =G8 -> 1 | K7: =K8 -> 当然財務 | L7: =L8 -> 病院事業 | M7: =M8 -> 一般病院 | N7: =N8 -> 50床以上～100床未満 | P7: =P8 -> 指定管理者(利用料金制) | Q7: =Q8 -> 7 | R7: =R8 -> - | S7: =S8 -> 透 訓 | T7: =T8 -> 救 へ | U7: =U8 -> 9534 | V7: =V8 -> 6406 | W7: =W8 -> 第１種該当 | ... AQ7: =AQ8 -> 98.4 | AS7: =AS8 -> 85.8 | AT7: =AT8 -> 84.6 | AU7: =AU8 -> 81.7 | AV7: =AV8 -> 73.5 | AW7: =AW8 -> 70.3 | AX7: =AX8 -> 83.2 | AY7: =AY8 -> 82.5 | AZ7: =AZ8 -> 79.7 | ... BB7: =BB8 -> 77.9 | BD7: =BD8 -> 該当数値なし | BE7: =BE8 -> 該当数値なし | BF7: =BF8 -> 該当数値なし | BG7: =BG8 -> 該当数値なし | BH7: =BH8 -> 該当数値なし | BI7: =BI8 -> 99.5 | BJ7: =BJ8 -> 91.2 | BK7: =BK8 -> 94.9 | ... BM7: =BM8 -> 107.2 | BO7: =BO8 -> 77 | BP7: =BP8 -> 79.2 | BQ7: =BQ8 -> 82.2 | BR7: =BR8 -> 68.5 | BS7: =BS8 -> 70.9 | BT7: =BT8 -> 69.2 | BU7: =BU8 -> 68.6 | BV7: =BV8 -> 67.4 | ... BX7: =BX8 -> 66.8 | BZ7: =BZ8 -> 16523 | CA7: =CA8 -> 16424 | CB7: =CB8 -> 16777 | CC7: =CC8 -> 17053 | CD7: =CD8 -> 16681 | CE7: =CE8 -> 23061 | CF7: =CF8 -> 23475 | CG7: =CG8 -> 23857 | ... CI7: =CI8 -> 24882 | CK7: =CK8 -> 10298 | CL7: =CL8 -> 10337 | CM7: =CM8 -> 8047 | CN7: =CN8 -> 7984 | CO7: =CO8 -> 8083 | CP7: =CP8 -> 8338 | CQ7: =CQ8 -> 8603 | CR7: =CR8 -> 8471 | ... CT7: =CT8 -> 8797 | CV7: =CV8 -> 68.3 | CW7: =CW8 -> 70.3 | CX7: =CX8 -> 71.4 | CY7: =CY8 -> 83.9 | CZ7: =CZ8 -> 86.9 | DA7: =DA8 -> 64.7 | DB7: =DB8 -> 65 | DC7: =DC8 -> 67.5 | ... DE7: =DE8 -> 69.5 | DG7: =DG8 -> 20.1 | DH7: =DH8 -> 19.2 | DI7: =DI8 -> 14.4 | DJ7: =DJ8 -> 14.6 | DK7: =DK8 -> 14.2 | DL7: =DL8 -> 19.6 | DM7: =DM8 -> 19 | DN7: =DN8 -> 17.9 | ... DP7: =DP8 -> 17.4 | DR7: =DR8 -> 0.6 | DS7: =DS8 -> 1.2 | DT7: =DT8 -> 43.4 | DU7: =DU8 -> 39.4 | DV7: =DV8 -> 44.4 | DW7: =DW8 -> 43 | DX7: =DX8 -> 43.9 | DY7: =DY8 -> 52.4 | ... EA7: =EA8 -> 54.2 | EC7: =EC8 -> 2.4 | ED7: =ED8 -> 4.4 | EE7: =EE8 -> 68.3 | EF7: =EF8 -> 47.1 | EG7: =EG8 -> 54 | EH7: =EH8 -> 60.6 | EI7: =EI8 -> 59.1 | EJ7: =EJ8 -> 68.9 | ... EL7: =EL8 -> 70 | EN7: =EN8 -> 10481305 | EO7: =EO8 -> 10396042 | EP7: =EP8 -> 10704179 | EQ7: =EQ8 -> 12869432 | ER7: =ER8 -> 12951358 | ES7: =ES8 -> 33688486 | ET7: =ET8 -> 34462126 | EU7: =EU8 -> 34878088 | ... EW7: =EW8 -> 36941419
B8: 2016 | C8: 345458 | D8: 46 | E8: 6 | F8: 0 | G8: 1 | H8: 広島県 | I8: 神石高原町 | J8: 神石高原町立病院 | K8: 当然財務 | L8: 病院事業 | M8: 一般病院 | N8: 50床以上～100床未満 | P8: 指定管理者(利用料金制) | Q8: 7 | R8: - | S8: 透 訓 | T8: 救 へ | U8: 9534 | V8: 6406 | W8: 第１種該当 | X8: １５：１ | Y8: 47 | Z8: 48 | AA8: - | AB8: - | AC8: - | AD8: 95 | AE8: 44 | AF8: 42 | AG8: 86 | AH8: 101.7 | AI8: 101.1 | AJ8: 104.5 | AK8: 100.5 | AL8: 100.3 | AM8: 98.1 | AN8: 97.7 | AO8: 98.5 | AP8: 98 | AQ8: 98.4 | AR8: 98.4 | AS8: 85.8 | AT8: 84.6 | AU8: 81.7 | AV8: 73.5 | AW8: 70.3 | AX8: 83.2 | AY8: 82.5 | AZ8: 79.7 | BA8: 79.6 | BB8: 77.9 | BC8: 89.5 | BD8: 該当数値なし | BE8: 該当数値なし | BF8: 該当数値なし | BG8: 該当数値なし | BH8: 該当数値なし | BI8: 99.5 | BJ8: 91.2 | BK8: 94.9 | BL8: 101.2 | BM8: 107.2 | BN8: 63.6 | BO8: 77 | BP8: 79.2 | BQ8: 82.2 | BR8: 68.5 | BS8: 70.9 | BT8: 69.2 | BU8: 68.6 | BV8: 67.4 | BW8: 66.6 | BX8: 66.8 | BY8: 74.2 | BZ8: 16523 | CA8: 16424 | CB8: 16777 | CC8: 17053 | CD8: 16681 | CE8: 23061 | CF8: 23475 | CG8: 23857 | CH8: 24371 | CI8: 24882 | CJ8: 49667 | CK8: 10298 | CL8: 10337 | CM8: 8047 | CN8: 7984 | CO8: 8083 | CP8: 8338 | CQ8: 8603 | CR8: 8471 | CS8: 8736 | CT8: 8797 | CU8: 13758 | CV8: 68.3 | CW8: 70.3 | CX8: 71.4 | CY8: 83.9 | CZ8: 86.9 | DA8: 64.7 | DB8: 65 | DC8: 67.5 | DD8: 67.5 | DE8: 69.5 | DF8: 55.2 | DG8: 20.1 | DH8: 19.2 | DI8: 14.4 | DJ8: 14.6 | DK8: 14.2 | DL8: 19.6 | DM8: 19 | DN8: 17.9 | DO8: 17.9 | DP8: 17.4 | DQ8: 24.1 | DR8: 0.6 | DS8: 1.2 | DT8: 43.4 | DU8: 39.4 | DV8: 44.4 | DW8: 43 | DX8: 43.9 | DY8: 52.4 | DZ8: 52.6 | EA8: 54.2 | EB8: 50.7 | EC8: 2.4 | ED8: 4.4 | EE8: 68.3 | EF8: 47.1 | EG8: 54 | EH8: 60.6 | EI8: 59.1 | EJ8: 68.9 | EK8: 68 | EL8: 70 | EM8: 65.7 | EN8: 10481305 | EO8: 10396042 | EP8: 10704179 | EQ8: 12869432 | ER8: 12951358 | ES8: 33688486 | ET8: 34462126 | EU8: 34878088 | EV8: 36094355 | EW8: 36941419 | EX8: 44050160
B10: Ｎ－４年度 | C10: Ｎ－３年度 | D10: Ｎ－２年度 | E10: Ｎ－１年度 | F10: Ｎ年度
A11: 年度 | B11: =DATEVALUE($B$6-4&"年1月1日") -> 40909 | C11: =DATEVALUE($B$6-3&"年1月1日") -> 41275 | D11: =DATEVALUE($B$6-2&"年1月1日") -> 41640 | E11: =DATEVALUE($B$6-1&"年1月1日") -> 42005 | F11: =DATEVALUE($B$6&"年1月1日") -> 42370
